 Dungeon Crawl Stone Soup version 0.20-a0-19-gd4fea00 (webtiles) character file.

112 KristoblXynda the Magician (level 4, -1/33 HPs)
             Began as a Draconian Wizard on Nov 7, 2016.
             Slain by a goblin
             ... wielding a +0 club
              (3 damage)
             ... on level 3 of the Dungeon.
             The game lasted 00:03:48 (2093 turns).

KristoblXynda the Magician (Draconian Wizard)       Turns: 2093, Time: 00:03:49

Health: -1/33      AC:  5    Str:  9    XL:     4   Next: 63%
Magic:  10/10      EV: 12    Int: 24    God:
Gold:   107        SH:  5    Dex: 10    Spells: 1 memorised, 10 levels left

rFire  . . .     SeeInvis .     l - +0 whip
rCold  . . .     Gourm    .     (armour unavailable)
rNeg   . . .     Faith    .     (no shield)
rPois  .         Spirit   .     a - +0 hat
rElec  .         Reflect  +     (no cloak)
rCorr  +         Harm     .     (no gloves)
MR     .....                    (no boots)
Stlth  ++........               g - +5 amulet of reflection
                                (no ring)
                                i - ring of resist corrosion

@: brilliant, lethally poisoned (-1 -> -15)
A: unfitting armour, cold-blooded, AC +5
a: no special abilities


You were on level 3 of the Dungeon.
You were hungry.

You visited 1 branch of the dungeon, and saw 3 of its levels.

You collected 107 gold pieces.

Inventory:

Hand Weapons
 l - a +0 whip (weapon)
Missiles
 j - 8 javelins (quivered)
Armour
 a - a +0 hat (worn)
Jewellery
 g - a +5 amulet of reflection (around neck)
 i - a ring of resist corrosion (left hand)
Scrolls
 d - 2 scrolls of remove curse
Potions
 f - a potion of agility
Books
 b - a book of Minor Magic

   Spells                             Type                      Level
   a - Magic Dart                     Conjuration                  1
   b - Blink                          Translocation                2
   c - Call Imp                       Summoning                    2
   d - Repel Missiles                 Charms/Air                   2
   e - Slow                           Hexes                        2
   f - Conjure Flame                  Conjuration/Fire             3
   g - Mephitic Cloud                 Conjuration/Poison/Air       3
Comestibles
 c - 4 bread rations
 h - a slice of pizza


   Skills:
 - Level 1.7 Dodging
 - Level 1.7 Stealth
 + Level 4.1 Spellcasting
 + Level 3.3 Conjurations
   Level 1.0 Summonings
   Level 1.0 Translocations


You had 10 spell levels left.
You knew the following spells:

 Your Spells              Type           Power        Failure   Level  Hunger
a - Magic Dart            Conj           ####         1%          1    None


Dungeon Overview and Level Annotations

Branches:
Dungeon (3/15)

Altars:


Innate Abilities, Weirdness & Mutations

Your plain brown scales are hard. (AC +5)
You cannot fit into any form of body armour.
You are cold-blooded and may be slowed by cold attacks.


Message History

* * * LOW HITPOINT WARNING * * *
You feel sick. The orc closely misses you. The goblin misses you.
A frilled lizard comes into view.
It was a potion of haste.
You feel yourself speed up.
* * * LOW HITPOINT WARNING * * *
You feel sick. The orc hits you but does no damage.
The frilled lizard moves out of view.
The goblin hits you but does no damage.
You are very lightly contaminated with residual magic.
It was a potion of cancellation.
Your magical effects are unravelling.
You feel magically purged.
Your magical contamination has completely faded away.
You feel yourself slow down.
* * * LOW HITPOINT WARNING * * *
You feel sick. The orc closely misses you.
It was a potion of brilliance.
You feel clever all of a sudden.
* * * LOW HITPOINT WARNING * * *
You feel sick. The goblin hits you with a club.
You die...

##...#........
##...r.....#.##
#.............
#......g....#
#......g....#
#..........# .
#<...# ...
##...#####.....
#..r.g@o......
#...#####.....
#...# ... #####
.


You could see an orc, a goblin and a rat.

Vanquished Creatures
  A howler monkey (D:3)
  2 adders (D:2)
  A worm (D:2)
  3 dart slugs
  A leopard gecko (D:2)
  An orc (D:2)
  A giant cockroach (D:2)
  8 goblins
  3 hobgoblins
  2 kobolds (D:1)
  A ball python (D:2)
  12 bats
  4 frilled lizards
  4 rats
44 creatures vanquished.

Vanquished Creatures (others)
  A kobold (D:2)
1 creature vanquished.

Grand Total: 45 creatures vanquished

Notes
Turn   | Place    | Note
-------+----------+-------------------------------------------
     0 | D:1      | KristoblXynda the Draconian Wizard began the quest for the Orb.
     0 | D:1      | Reached XP level 1. HP: 14/14 MP: 4/4
   422 | D:1      | Reached XP level 2. HP: 20/20 MP: 6/6
  1213 | D:2      | Reached XP level 3. HP: 26/26 MP: 8/8
  1844 | D:2      | Reached XP level 4. HP: 32/33 MP: 9/9
  2084 | D:3      | Reached skill level 4 in Spellcasting
  2093 | D:3      | Slain by a goblin

Vault maps used:
D:1:      dpeg_arrival_ternary, minivault_25
D:2:      first_bread, hangedman_glass_teeth
D:3:      overflow_temple_1_default, overflow_temple_1_default,
          lemuel_doored_altar, minmay_three_crescents

Skill      XL: |  1  2  3  4 |
---------------+-------------+-----
Conjurations   | 2 3 |  3.3
Spellcasting   | 4 |  4.1
Dodging        | |  1.7
Stealth        | |  1.7
Summonings     | |  1.0
Translocations | |  1.0

Action                   |  1- 3 |  4- 6 || total
-------------------------+-------+-------++-------
Melee: Unarmed           |     7 |       ||     7
       Dagger            |    20 |       ||    20
       Tailslap          |     5 |     6 ||    11
       Whip              |    40 |    29 ||    69
 Cast: Magic Dart        |    56 |       ||    56
  Use: Scroll            |     4 |       ||     4
       Potion            |       |     3 ||     3
 Stab: Sleeping          |     3 |       ||     3
  Eat: Chunk             |     3 |       ||     3
Armor: Skin              |    36 |    12 ||    48
Dodge: Dodged            |    53 |    17 ||    70
Block: Other             |    19 |     2 ||    21
       Reflection        |     1 |       ||     1
